 Dungeon Crawl Stone Soup version 0.30.1 (webtiles) character file.

Game seed: 5908028913984383479

5 shmup the Firebug (level 1, 0/10 HPs)
             Began as a Tengu Fire Elementalist on July 9, 2023.
             Slain by a ball python (1 damage)
             ... on level 1 of the Dungeon.
             The game lasted 00:00:58 (131 turns).

shmup the Firebug (Tengu Fire Elementalist)          Turns: 131, Time: 00:00:59

Health: 0/10       AC:  2    Str:  8    XL:     1   Next: 80%
Magic:  0/4        EV: 12    Int: 15    God:
Gold:   39         SH:  0    Dex: 14    Spells: 3/4 levels left

rFire   . . .        e - +0 long sword
rCold   . . .        (no shield)
rNeg    . . .        a - +0 robe
rPois   .            (helmet restricted)
rElec   .            (no cloak)
rCorr   .            (no gloves)
SInv    .            (boots unavailable)
Will    .....        (no amulet)
Stlth   ++           (no ring)
HPRegen 0.21/turn    (no ring)
MPRegen 0.09/turn

%: no passive effects
@: no status effects
A: beak, talons 3
a: no special abilities


You were on level 1 of the Dungeon.
You visited 1 branch of the dungeon, and saw 1 of its levels.

You collected 39 gold pieces.

Inventory:

Hand Weapons
 d - a +0 dagger
 e - a +0 long sword (weapon)
Missiles
 c - 5 stones (quivered)
Armour
 a - a +0 robe (worn)
Potions
 b - a potion of magic


   Skills:
 + Level 0.3 Fighting
 + Level 2.3 Dodging
 + Level 2.0 Stealth
 + Level 2.0 Spellcasting
 + Level 1.5 Conjurations
 * Level 3.4 Fire Magic


You had 3 spell levels left.
You knew the following spells:

 Your Spells              Type           Power      Damage    Failure   Level
a - Foxfire               Conj/Fire      32%        2x1d5     9%          1

Your spell library contained the following spells:

 Spells                   Type           Power      Damage    Failure   Level
 Scorch                   Fire           22%        2d6       9%          2
 Inner Flame              Hex/Fire       6%         N/A       32%         3
 Volatile Blastmotes      Fire/Tloc      12%        2d11      32%         3
 Flame Wave               Conj/Fire      8%         2d5       63%         4


Dungeon Overview and Level Annotations

Branches:
Dungeon (1/15)

Altars:


Innate Abilities, Weirdness & Mutations

You have a beak for a mouth.
You have claws for feet.


Message History

Confirm with . or Enter, or press ? or * to list all spells.
You conjure some foxfire!
The bat hits you. The hobgoblin closely misses you.
The foxfire hits the bat but does no damage.
The hobgoblin barely misses you. The bat closely misses you. The bat hits you.
The hobgoblin barely misses you.
Your foxfire dissipates!
The bat closely misses you.
You slash the bat!
You kill the bat!
The hobgoblin hits you.
Ouch! That really hurt!
* * * LOW HITPOINT WARNING * * *
You barely miss the hobgoblin. Your peck misses the hobgoblin.
The hobgoblin is severely wounded.
The hobgoblin hits you.
* * * LOW HITPOINT WARNING * * *
Casting: Foxfire (safe; 9% risk of failure)
Confirm with . or Enter, or press ? or * to list all spells.
You conjure some foxfire!
The hobgoblin hits you but does no damage.
Your foxfire dissipates!
The hobgoblin attacks as you move away! The hobgoblin closely misses you.
Casting: Foxfire (safe; 9% risk of failure)
Confirm with . or Enter, or press ? or * to list all spells.
You conjure some foxfire!
The hobgoblin hits you.
* * * LOW HITPOINT WARNING * * *
Your foxfire dissipates!
The frilled lizard hisses.
Casting: Foxfire (safe; 9% risk of failure)
Confirm with . or Enter, or press ? or * to list all spells.
You conjure some foxfire!
The hobgoblin hits you.
* * * LOW HITPOINT WARNING * * *
The foxfire hits the hobgoblin.
The hobgoblin is heavily wounded.
The foxfire hits the hobgoblin.
You kill the hobgoblin!
You hit the frilled lizard.
You kill the frilled lizard!
The ball python bites you.
You die...

▒...... ▒..... ..▒ ▒.▒ ▒.....
... ▒.▒ ▒...▒ ▒.▒ ▒.▒ ▒...▒
▒.▒ ▒.▒ . ▒...▒ ▒.▒ ▒.▒
...▒▒...▒ ▒.▒ ▒.▒
▒▒......▒▒▒.▒▒▒▒.▒▒▒▒▒
......%........SQ...>▒▒▒▒▒▒▒▒
▒▒......▒▒▒.▒▒▒▒.▒▒▒.........
▒...▒... ▒.▒ ▒.▒
▒..▒▒▒▒▒▒▒▒▒▒ ▒...▒▒▒.....▒
▒.▒ ▒............ .....
▒▒▒..▒ ▒.▒ ▒..▒.▒▒▒▒▒▒▒▒ ....
▒..▒ ▒.▒▒▒..▒%▒ ... ▒..▒
▒......▒.▒ ▒..▒ ▒▒▒▒▒.▒▒.▒
▒..▒▒ ▒....▒


You could see a ball python.

Vanquished Creatures
  A bat (D:1)
  A hobgoblin (D:1)
  A ball python (D:1)
  2 frilled lizards (D:1)
  2 rats (D:1)
7 creatures vanquished.

Vanquished Creatures (others)
  6 foxfires (D:1)
6 creatures vanquished.

Grand Total: 13 creatures vanquished

Notes
Turn   | Place    | Note
-------+----------+-------------------------------------------
     0 | D:1      | shmup the Tengu Fire Elementalist began the quest for the
                  | Orb.
     0 | D:1      | Reached XP level 1. HP: 10/10 MP: 4/4
   131 | D:1      | Slain by a ball python

Illustrated notes

Levels and vault maps discovered:
D:1:      nzn_arrival_settlement, layout_basic

Action                     || total
---------------------------++-------
  Melee: Long sword        ||     5
   Cast: Foxfire           ||     6
 Armour: Robe              ||     2
  Dodge: Dodged            ||     6
